 Dungeon Crawl Stone Soup version 0.18.1-50-g88ac8fd (webtiles) character file.

261 nikopol the Skirmisher (level 5, -16/72 HPs)
             Began as a Minotaur Berserker on Oct 3, 2016.
             Was a Priest of Trog.
             Demolished by a two-headed ogre
             ... wielding a +0 giant spiked club
              (20 damage)
             ... on level 4 of the Dungeon.
             The game lasted 00:07:03 (2656 turns).

nikopol the Skirmisher (Minotaur Berserker)         Turns: 2656, Time: 00:07:04

Health: -16/72     AC:  9    Str: 27    XL:     5   Next: 96%
Magic:  4/4        EV: 12    Int:  4    God:    Trog [***...]
Gold:   144        SH:  0    Dex: 10    Spells: 0 memorised, 4 levels left

rFire  . . .     SeeInvis .     a - +0 hand axe
rCold  . . .     Gourm    .     w - +0 ring mail
rNeg   . . .     Faith    .     (no shield)
rPois  .         Spirit   .     (helmet restricted)
rElec  .         Dismiss  .     j - +0 cloak
rCorr  .         Reflect  .     g - +0 pair of gloves
SustAt .         Harm     .     y - +0 pair of boots
MR     .....                    (no amulet)
Stlth  ..........               (no ring)
                                (no ring)

@: berserking, very quick, not resistant to hostile enchantments, extremely
unstealthy
A: retaliatory headbutt, horns 2
a: Berserk, Trog's Hand, Burn Spellbooks, Renounce Religion


You were on level 4 of the Dungeon.
You worshipped Trog.
Trog was most pleased with you.
You were not hungry.

You visited 1 branch of the dungeon, and saw 4 of its levels.

You collected 144 gold pieces.

Inventory:

Hand Weapons
 a - a +0 hand axe (weapon)
Missiles
 p - 47 arrows (quivered)
Armour
 b - a +0 animal skin
 g - a +0 pair of gloves (worn)
 j - a +0 cloak (worn)
 w - a +0 ring mail (worn)
 y - a +0 pair of boots (worn)
Jewellery
 B - an uncursed amulet of rage {unknown}
Scrolls
 d - a scroll of noise {unknown}
 i - 2 scrolls of enchant armour {unknown}
 k - 4 scrolls of identify {unknown}
 m - a scroll of random uselessness {unknown}
 s - 3 scrolls of remove curse {unknown}
 t - a scroll of recharging {unknown}
 u - a scroll of enchant weapon {unknown}
Potions
 e - 2 potions of cancellation {unknown}
 f - a potion of lignification {unknown}
 h - a potion of might {unknown}
 n - 2 potions of invisibility {unknown}
 o - 5 potions of curing {unknown}
 q - a potion of ambrosia {unknown}
 r - a potion of flight {unknown}
 x - a potion of heal wounds {unknown}
 A - a potion of brilliance {unknown}
Comestibles
 c - 2 bread rations
 l - 7 fruits
 v - a meat ration
 z - 4 chunks of flesh


   Skills:
 + Level 5.1 Fighting
 + Level 5.0 Axes
 + Level 4.4 Armour
 + Level 3.8 Dodging


You had 4 spell levels left.
You didn't know any spells.

Dungeon Overview and Level Annotations

Branches:
Dungeon (4/15)
 Temple: D:4-7

Altars:
Cheibriados
Okawaru


Innate Abilities, Weirdness & Mutations

You reflexively headbutt those who attack you in melee.
You have a pair of horns on your head.


Message History

The two-headed ogre is moderately wounded.
You barely miss the two-headed ogre. You headbutt the two-headed ogre.
The two-headed ogre is heavily wounded.
The two-headed ogre barely misses you.
The two-headed ogre hits you with a giant club.
* * * LOW HITPOINT WARNING * * *
You are too injured to fight recklessly!
A red film seems to cover your vision as you go berserk!
You feel yourself moving faster!
You feel mighty!
You feel somewhat more hungry. The two-headed ogre closely misses you.
The two-headed ogre barely misses you.
You are too berserk!
You slash the two-headed ogre!
The two-headed ogre is severely wounded.
You hit the two-headed ogre.
The two-headed ogre is almost dead.
The two-headed ogre hits you with a giant spiked club!
* * * LOW HITPOINT WARNING * * *
The two-headed ogre hits you with a giant club!!
You die...

### ..# #.# #.# #.#
##.## #######
###...#######......
#O@.#.............#
#>.....#...#######.###.#
#.#######...............
##########.###.. #.# #..
#.# ##. #.####. #......
######.


You could see a two-headed ogre.

Vanquished Creatures
  A howler monkey (D:3)
  A hound (D:4)
  Ijyb (D:2)
  Terence (D:2)
  Robin (D:2)
  5 adders
  2 oozes (D:2)
  3 worms
  A dart slug (D:3)
  An orc (D:3)
  A ball python (D:2)
  5 giant cockroaches
  16 goblins
  7 hobgoblins
  A ball python skeleton (D:4)
  9 bats
  3 giant newts
  8 kobolds
  7 rats
74 creatures vanquished.

Notes
Turn   | Place    | Note
--------------------------------------------------------------
     0 | D:1      | nikopol the Minotaur Berserker began the quest for the Orb.
     0 | D:1      | Reached XP level 1. HP: 19/19 MP: 0/0
   377 | D:1      | Reached XP level 2. HP: 26/27 MP: 1/1
  1002 | D:2      | Reached XP level 3. HP: 33/33 MP: 2/2
  1004 | D:2      | Noticed Terence
  1014 | D:2      | Killed Terence
  1035 | D:2      | Noticed Ijyb
  1038 | D:2      | Reached XP level 4. HP: 33/40 MP: 3/3
  1042 | D:2      | Killed Ijyb
  1042 | D:2      | Reached ** piety under Trog
  1349 | D:2      | Found a snail-covered altar of Cheibriados.
  1349 | D:2      | Noticed Robin
  1361 | D:2      | Reached XP level 5. HP: 23/47 MP: 4/4
  1362 | D:2      | Killed Robin
  1380 | D:2      | HP: 2/47 [poisoned by a goblin]
  1955 | D:3      | Found an iron altar of Okawaru.
  2133 | D:3      | Reached skill level 5 in Fighting
  2497 | D:4      | Reached *** piety under Trog
  2586 | D:4      | Reached skill level 5 in Axes
  2648 | D:4      | Noticed a two-headed ogre
  2656 | D:4      | Demolished by a two-headed ogre

Skill      XL: |  1  2  3  4  5 |
---------------+----------------+-----
Fighting       | 4 5 |  5.1
Axes           | 4 5 |  5.0
Armour         | 3 4 |  4.4
Dodging        | 3 |  3.8

Action                   |  1- 3 |  4- 6 || total
-------------------------+-------+-------++-------
Melee: Hand axe          |    60 |    86 ||   146
       Headbutt          |     4 |    14 ||    18
Invok: Berserk           |     1 |     2 ||     3
 Stab: Sleeping          |       |     1 ||     1
  Eat: Chunk             |     1 |     7 ||     8
Armor: Animal skin       |    15 |    15 ||    30
       Ring mail         |       |     6 ||     6
Dodge: Dodged            |    48 |    57 ||   105
